 Dungeon Crawl Stone Soup version 0.21-a0-434-g806c6c2 (webtiles) character file.

50 Beatriz the Charmwright (level 3, 0/31 HPs)
             Began as a Gnoll Skald on Nov 9, 2017.
             Succumbed to an adder's poison
             ... on level 2 of the Dungeon.
             The game lasted 00:01:42 (987 turns).

Beatriz the Charmwright (Gnoll Skald)                Turns: 987, Time: 00:01:43

Health: 0/31       AC:  3    Str: 11 (14) XL:     3   Next: 79%
Magic:  9/9        EV: 13    Int: 15 (17) God:
Gold:   50         SH:  0    Dex: 13 (14) Spells: 11/12 levels left

rFire    . . .     SeeInvis .   a - +0 hand axe
rCold    . . .     Gourm    .   (no shield)
rNeg     . . .     Faith    .   b - +0 leather armour
rPois    .         Spirit   .   (no helmet)
rElec    .         Reflect  .   (no cloak)
rCorr    .         Harm     .   (no gloves)
MR       .....                  (no boots)
Stlth    +.........             m - amulet of rage
HPRegen  0.10/turn              h - +2 ring of intelligence
MPRegen  0.11/turn              (no ring)

@: lethally poisoned (0 -> -19), about to teleport
A: distributed training, fangs 1, strong nose
a: Evoke Berserk Rage


You were on level 2 of the Dungeon.
You were not hungry.

You visited 1 branch of the dungeon, and saw 2 of its levels.

You collected 50 gold pieces.

Inventory:

Hand Weapons
 a - a +0 hand axe (weapon)
Armour
 b - a +0 leather armour (worn)
Jewellery
 h - a +2 ring of intelligence (left hand)
 m - an amulet of rage (around neck)
Scrolls
 i - a scroll of enchant weapon {unknown}
 l - 2 scrolls of amnesia
 n - a scroll of recharging {unknown}
 o - a scroll of magic mapping
Books
 c - a book of Battle

   Spells                             Type                      Level
   a - Infusion                       Charms                       1
   b - Shroud of Golubria             Charms/Translocation         2
   c - Song of Slaying                Charms                       2
   d - Spectral Weapon                Hexes/Charms                 3
   e - Regeneration                   Charms/Necromancy            3
Comestibles
 d - 2 bread rations
 f - 4 fruits
 g - 2 meat rations


   Skills:
 + Level 4.5 Fighting
 + Level 0.9 Short Blades
 + Level 0.9 Long Blades
 + Level 4.5 Axes
 + Level 0.9 Maces & Flails
 + Level 0.9 Polearms
 + Level 0.9 Staves
 + Level 0.9 Slings
 + Level 0.9 Bows
 + Level 0.9 Crossbows
 + Level 0.9 Throwing
 + Level 2.6 Armour
 + Level 4.5 Dodging
 + Level 0.9 Stealth
 + Level 0.9 Shields
 + Level 0.9 Unarmed Combat
 + Level 5.0 Spellcasting
 + Level 0.6 Conjurations
 + Level 0.6 Hexes
 + Level 5.4 Charms
 + Level 0.6 Summonings
 + Level 0.6 Necromancy
 + Level 0.6 Translocations
 + Level 0.6 Transmutations
 + Level 0.6 Fire Magic
 + Level 0.6 Ice Magic
 + Level 0.6 Air Magic
 + Level 0.6 Earth Magic
 + Level 0.6 Poison Magic
 + Level 1.0 Invocations
 + Level 0.9 Evocations


You had 11 spell levels left.
You knew the following spells:

 Your Spells              Type           Power        Failure   Level  Hunger
a - Infusion              Chrm           ###.         2%          1    None


Dungeon Overview and Level Annotations

Branches:
Dungeon (2/15)

Altars:


Innate Abilities, Weirdness & Mutations

Your experience applies equally to all skills.
You have very sharp teeth.
Your uncanny sense of smell can sniff out nearby items.


Message History

The hobgoblin completely misses you. The adder barely misses you.
The adder bites you.
* * * LOW HITPOINT WARNING * * *
You are more poisoned.
The adder poisons you!
As you read the scroll of magic mapping, it crumbles to dust.
You feel aware of your surroundings.
* * * LOW HITPOINT WARNING * * *
You feel sick. The hobgoblin barely misses you. The adder closely misses you.
The hobgoblin hits you but does no damage.
The adder misses you.
As you read the scroll labeled GINNERGH ARHEECHAFU, it crumbles to dust.
You feel strangely unstable.
It was a scroll of teleportation.
* * * LOW HITPOINT WARNING * * *
You feel sick. The adder barely misses you. The hobgoblin barely misses you.
The adder misses you. The hobgoblin hits you with a club.
* * * LOW HITPOINT WARNING * * *
As you read the scroll labeled YSOEXT UTOEMY, it crumbles to dust.
You feel blessed for a moment.
It was a scroll of remove curse.
You die...

,,,,.........##########...#######
,,,,..................'>..'......
****################.##...#######
,,,,,,* #.##...# ,,,,,∆* #.######
,,,,∆,* #.#
,,,,,,*#############.#
,,,,***.%............# ,,,,*
*........g@...[# ,,,,*
*........SSg...# *****
*..............#
*******..............#
,,,,,,,..............#
*******..............# *
*..............# * **
*..............# * ,**
*..............# *


You could see 2 adders and 2 hobgoblins.

Vanquished Creatures
  A gnoll (D:1)
  2 dart slugs (D:1)
  3 leopard geckos (D:1)
  6 bats
  3 goblins
  5 hobgoblins (D:1)
  2 jackals (D:2)
  4 frilled lizards
  5 kobolds
  3 rats (D:1)
34 creatures vanquished.

Notes
Turn   | Place    | Note
-------+----------+-------------------------------------------
     0 | D:1      | Beatriz the Gnoll Skald began the quest for the Orb.
     0 | D:1      | Reached XP level 1. HP: 20/20 MP: 6/6
    63 | D:1      | Reached XP level 2. HP: 26/26 MP: 7/7
   262 | D:1      | Reached XP level 3. HP: 26/31 MP: 9/9
   305 | D:1      | Reached skill level 5 in Spellcasting
   556 | D:1      | Reached skill level 1 in Invocations
   986 | D:2      | HP: 1/31 [hobgoblin/club (2)]
   987 | D:2      | Succumbed to an adder's poison

Vault maps used:
D:1:      dpeg_arrival_pits, serial_forest, infiniplex_forest_lined_corner,
          infiniplex_forest_lined_3, infiniplex_forest_join,
          infiniplex_forest_clump_curved, infiniplex_forest_clump_small,
          infiniplex_forest_clump_double, infiniplex_forest_lined_4_way,
          infiniplex_forest_clump_C, infiniplex_forest_end_3,
          infiniplex_forest_lined_corner
D:2:      first_bread, minmay_misc_feat_tower

Skill      XL: |  1  2  3 |
---------------+----------+-----
Spellcasting   | 5 |  5.0
Invocations    | 1 |  1.0
Fighting       | |  4.5
Short Blades   | |  0.9
Long Blades    | |  0.9
Axes           | |  4.5
Maces & Flails | |  0.9
Polearms       | |  0.9
Staves         | |  0.9
Slings         | |  0.9
Bows           | |  0.9
Crossbows      | |  0.9
Throwing       | |  0.9
Armour         | |  2.6
Dodging        | |  4.5
Stealth        | |  0.9
Shields        | |  0.9
Unarmed Combat | |  0.9
Conjurations   | |  0.6
Hexes          | |  0.6
Charms         | |  5.4
Summonings     | |  0.6
Necromancy     | |  0.6
Translocations | |  0.6
Transmutations | |  0.6
Fire Magic     | |  0.6
Ice Magic      | |  0.6
Air Magic      | |  0.6
Earth Magic    | |  0.6
Poison Magic   | |  0.6
Evocations     | |  0.9

Action                   || total
-------------------------++-------
Melee: Hand axe          ||   101
       Bite              ||     7
       Punch             ||     1
  Use: Scroll            ||     5
       Potion            ||     1
 Stab: Sleeping          ||     1
Armor: Leather armour    ||    15
Dodge: Dodged            ||    86

Table legend:
 A = Spawn XP
 B = Non-spawn XP
 C = Spawn XP percentage of total XP
 D = Spawn monster count
 E = Non-spawn monster count
 F = Spawn count percentage of total count
 G = Total turns spent on level
                    A         B        C        D         E        F      G
               +---------+---------+-------+---------+---------+-------+---------
         Total |       0 |      72 |   0.0 |       0 |      34 |   0.0 |   987
               +---------+---------+-------+---------+---------+-------+---------
           D:1 |       0 |      60 |   0.0 |       0 |      27 |   0.0 |   725
           D:2 |       0 |      12 |   0.0 |       0 |       7 |   0.0 |   262
               +---------+---------+-------+---------+---------+-------+---------
